 Dungeon Crawl Stone Soup version 0.28-a0-726-g4a9143789a (webtiles) character file.

Game seed: 12541238290694686073

7280 pokeman the Thaumaturge (level 10, -25/50 (56) HPs)
             Began as a Deep Elf Hedge Wizard on Oct 27, 2021.
             Was a Believer of Vehumet.
             Killed from afar by Josephine (26 damage)
             ... with a ghostly fireball
             ... on level 10 of the Dungeon on Oct 28, 2021.
             The game lasted 00:37:55 (13766 turns).

pokeman the Thaumaturge (Deep Elf Hedge Wizard)    Turns: 13766, Time: 00:37:56

HP:   -25/50 (56)   AC: 10    Str:  7    XL:     10   Next: 89%
MP:   17/30         EV: 20    Int: 23    God:    Vehumet [**....]
Gold: 988           SH:  0    Dex: 14    Spells: 17/37 levels left

rFire   . . .      SeeInvis .   j - +0 club (spect)
rCold   . . .      Faith    .   (no shield)
rNeg    . . .      Spirit   .   d - +0 leather armour
rPois   .          Reflect  .   n - +0 helmet
rElec   .          Harm     .   B - +2 cloak {Stlth+}
rCorr   .          Rampage  .   e - +0 pair of gloves
Will    +....                   r - +0 pair of boots
Stlth   +++.......              (no amulet)
HPRegen 0.16/turn               x - +4 ring of evasion
MPRegen 0.22/turn               v - +4 ring of evasion

@: slowed, heavily drained, very slow
A: no striking features
a: Renounce Religion


You were on level 10 of the Dungeon.
You worshipped Vehumet.
Vehumet was pleased with you.
You visited 2 branches of the dungeon, and saw 11 of its levels.

You collected 1065 gold pieces.
You spent 77 gold pieces at shops.

Inventory:

Hand Weapons
 c - a +0 shortbow
 j - a +0 spectral club (weapon)
 D - a +0 hand crossbow
Missiles
 b - 93 bolts
 s - 115 arrows
Armour
 d - a +0 leather armour (worn)
 e - a +0 pair of gloves (worn)
 n - a +0 helmet (worn)
 r - a +0 pair of boots (worn)
 B - a +2 cloak of stealth (worn)
Jewellery
 v - a +4 ring of evasion (right hand)
 x - a +4 ring of evasion (left hand)
 y - a ring of fire
 I - a ring of resist corrosion
Wands
 l - a wand of digging (3)
 m - a wand of paralysis (13)
 A - a wand of acid (4)
 F - a wand of flame (15)
Scrolls
 a - a scroll of amnesia
 f - 2 scrolls of enchant weapon
 i - 3 scrolls of teleportation
 p - a scroll of enchant armour
 q - a scroll of summoning
 G - a scroll of fog {unknown}
 H - a scroll of vulnerability {unknown}
 K - a scroll of torment {unknown}
Potions
 g - a potion of magic
 h - 3 potions of curing
 k - a potion of might
 o - 2 potions of brilliance
 t - a potion of degeneration {unknown}
 u - a potion of heal wounds
 w - a potion of invisibility {unknown}
 z - a potion of lignification {unknown}
 C - a potion of haste {unknown}
 E - a potion of mutation {unknown}
Miscellaneous
 J - a condenser vane


   Skills:
 - Level 4.0 Fighting
 + Level 4.2 Armour
 - Level 3.0 Dodging
 - Level 3.0 Stealth
 * Level 14.3 Spellcasting
 + Level 8.3 Conjurations
 - Level 1.1 Summonings
 - Level 1.1 Translocations
 + Level 7.1 Fire Magic
 - Level 1.1 Air Magic
 - Level 2.2 Poison Magic
 - Level 1.3 Evocations


You had 17 spell levels left.
You knew the following spells:

 Your Spells              Type           Power      Damage    Failure   Level
a - Magic Dart            Conj           100%       1d8       1%          1
b - Mephitic Cloud        Conj/Pois/Air  34%        N/A       3%          3
c - Call Imp              Summ           21%        N/A       4%          2
d - Blink                 Tloc           42%        N/A       4%          2
e - Conjure Flame         Conj/Fire      51%        6-21      1%          3
f - Shock                 Conj/Air       100%       1d9       1%          1
g - Apportation           Tloc           42%        N/A       3%          1
h - Orb of Destruction    Conj           26%        9d11      82%         7

Your spell library contained the following spells:

 Spells                   Type           Power      Damage    Failure   Level
 Foxfire                  Conj/Fire      100%       2x1d9     1%          1
 Static Discharge         Conj/Air       38%        N/A       1%          2
 Sticky Flame             Conj/Fire      51%        2d7       2%          4
 Ignite Poison            Fire/Tmut/Pois 30%        N/A       4%          3
 Ensorcelled Hibernation  Hex/Ice        32%        N/A       8%          2
 Slow                     Hex            16%        N/A       8%          2
 Spider Form              Tmut/Pois      10%        N/A       10%         3
 Summon Guardian Golem    Hex/Summ       19%        N/A       13%         3
 Dispel Undead            Necr           16%        3d10      45%         4
 Alistair's Intoxication  Tmut/Pois      14%        N/A       67%         5
 Invisibility             Hex            8%         N/A       100%        6
 Spellforged Servitor     Conj/Summ      19%        N/A       100%        7


Dungeon Overview and Level Annotations

Branches:
Dungeon (10/15)            Temple (1/1) D:5            Lair (0/6) D:8
    Orc: D:9-12

Altars:
Ashenzari
Cheibriados
Dithmenos
Elyvilon
Fedhas
Gozag
Hepliaklqana
Kikubaaqudgha
Makhleb
Nemelex Xobeh
Ru
Sif Muna
Uskayaw
Vehumet
Wu Jian
Xom
Yredelemnul
Zin
The Shining One

Shops:
D:3 (   D:6 *   D:7 (   D:8 *

Annotations:
D:8 3 runed translucent doors
D:10 Josephine


Message History

You kill the kobold!
Vehumet accepts your kill.
The zap hits Josephine.
Josephine is heavily wounded.
The zap hits Josephine.
Josephine is heavily wounded.
You feel sick.
You are no longer poisoned.
Josephine seems less confused.
The hornet is engulfed in noxious fumes.
The hornet closely misses you.
The hornet is engulfed in noxious fumes.
The hornet appears confused.
Josephine gestures at you while chanting.
The ghostly flame explodes!
The ghostly fireball engulfs you!!
You feel drained.
Ouch! That really hurt!
* * * LOW HITPOINT WARNING * * *
A wraith comes into view.
Unknown command.
Casting: Shock (safe; 1% risk of failure)
Confirm with . or Enter, or press ? or * to list all spells.
Aiming: Mephitic Cloud (dangerous; 3% risk of failure)
Press: ? - help, Shift-Dir - straight line, f/p - Josephine
Aim: Josephine, wielding a +0 dagger and wearing a +0 robe (heavily wounded, chance to affect: 53%)
The ball explodes into a vile cloud!
The stinking cloud engulfs Josephine but does no damage.
Josephine is heavily wounded.
Josephine is engulfed in noxious fumes.
The hornet is engulfed in noxious fumes.
The hornet appears confused.
The wraith hits you.
* * * LOW HITPOINT WARNING * * *
The wraith drains your vigour!
You feel as though you will be slow longer.
Josephine is engulfed in noxious fumes.
Josephine casts a spell at you.
The ghostly flame explodes!
The ghostly fireball engulfs you!!
You feel drained.
Ouch! That really hurt!
You die...

#.. #$# ##### #.#
.K$)K##.###### ###
..K.....☼....# #..
K.K...K§@..#. . ...
... #)##.#.
.##.####..W #§##.#> #
.#......# #@##.#.##.#
....... #WW.....#.#
##...#
#)..°.....#<>.#
##....#
###.#°y##...###
#.....# #.#..###.##
.#....##### # #..#
#.# #.........
#..###.# ##...####
.y#...[..#
#.#.#######..^......#


You could see Josephine, a hornet (confused), 2 wraiths and a kobold brigand
(confused).

Vanquished Creatures
  3 two-headed ogres (D:9)
  An ugly thing (D:8)
  Maurice (D:8)
  A gargoyle (D:9)
  2 hornets (D:9)
  Sigmund (D:6)
  A wraith (D:10)
  2 steam dragons
  2 water moccasins
  An orc warrior (D:8)
  Duvessa (D:4)
  2 sky beasts
  An ice beast (D:5)
  A black bear (D:6)
  A necrophage (D:6)
  2 ogres
  3 centaurs
  2 phantoms
  3 kobold brigands
  A wyvern zombie (D:5)
  5 bullfrogs
  A water moccasin skeleton (D:5)
  Dowan (D:4)
  6 wights
  4 centaur zombies
  A bullfrog zombie (D:3)
  An orc priest (D:5)
  3 gnoll shamans
  A hound (D:4)
  4 jellies
  A centaur skeleton (D:7)
  2 bullfrog skeletons
  Jessica (D:3)
  Ijyb (D:4)
  5 orc wizards
  Natasha (thrice) (D:3)
  2 iguanas (D:6)
  A hound skeleton (D:4)
  A howler monkey zombie (D:9)
  13 gnolls
  5 adders
  A shadow imp (D:6)
  2 white imps (D:6)
  An adder skeleton (D:4)
  2 worms (D:2)
  2 dart slugs
  11 orcs
  7 bats
  5 endoplasms
  3 giant cockroaches
  10 goblins
  11 hobgoblins
  6 jackals
  22 kobolds
  5 quokkas
  4 ball pythons
  4 frilled lizards
  8 rats
198 creatures vanquished.

Vanquished Creatures (collateral kills)
  A hound (D:5)
  An orc (D:3)
2 creatures vanquished.

Vanquished Creatures (others)
  A quokka (D:3)
  A frilled lizard (D:3)
  A plant (D:1)
3 creatures vanquished.

Grand Total: 203 creatures vanquished

Notes
Turn   | Place    | Note
-------+----------+-------------------------------------------
     0 | D:1      | pokeman the Deep Elf Hedge Wizard began the quest for the
                  | Orb.
     0 | D:1      | Reached XP level 1. HP: 10/10 MP: 7/7
   219 | D:1      | Reached XP level 2. HP: 4/16 MP: 0/9
   504 | D:1      | Reached skill level 5 in Spellcasting
   597 | D:1      | Reached XP level 3. HP: 20/20 MP: 7/11
   601 | D:1      | Learned a level 3 spell: Mephitic Cloud
   604 | D:1      | Learned a level 2 spell: Call Imp
   607 | D:1      | Learned a level 2 spell: Blink
   611 | D:1      | Learned a level 3 spell: Conjure Flame
  1408 | D:1      | Reached skill level 1 in Fighting
  1408 | D:1      | Reached skill level 1 in Armour
  1664 | D:1      | Found a faded altar of an unknown god.
  2251 | D:2      | Reached XP level 4. HP: 25/25 MP: 4/13
  3196 | D:3      | Found a white marble altar of Elyvilon.
  3393 | D:3      | Reached skill level 1 in Fire Magic
  3636 | D:3      | Found a shimmering blue altar of Sif Muna.
  3645 | D:3      | Noticed Jessica
  3651 | D:3      | Killed Jessica
  3652 | D:3      | Reached skill level 6 in Spellcasting
  3652 | D:3      | Reached XP level 5. HP: 24/29 MP: 7/15
  3731 | D:3      | Found Wolueput's Antique Weapon Shop.
  3755 | D:3      | Found a glowing silver altar of Zin.
  3756 | D:3      | Found a basalt altar of Yredelemnul.
  3757 | D:3      | Found a blossoming altar of Fedhas.
  3759 | D:3      | Found a sparkling altar of Nemelex Xobeh.
  3760 | D:3      | Found an ornate altar of the Wu Jian Council.
  3760 | D:3      | Found a burning altar of Makhleb.
  3834 | D:3      | Found a broken altar of Ashenzari.
  3968 | D:3      | Noticed Natasha
  3980 | D:3      | Killed Natasha
  3981 | D:3      | Reached skill level 1 in Air Magic
  4153 | D:3      | Noticed Natasha
  4162 | D:3      | Killed Natasha
  4292 | D:3      | Noticed Natasha
  4303 | D:3      | Killed Natasha
  4578 | D:4      | Noticed Ijyb
  4593 | D:4      | Paralysed by Ijyb for 4 turns
  4602 | D:4      | Killed Ijyb
  4603 | D:4      | Reached XP level 6. HP: 10/34 MP: 8/17
  4607 | D:4      | Reached skill level 1 in Poison Magic
  4879 | D:4      | Reached skill level 7 in Spellcasting
  5209 | D:4      | Noticed Dowan
  5218 | D:4      | Noticed Duvessa
  5603 | D:4      | Killed Dowan
  5993 | D:4      | Found an ancient bone altar of Kikubaaqudgha.
  6101 | D:4      | Killed Duvessa
  6102 | D:4      | Reached XP level 7. HP: 39/39 MP: 11/20
  6185 | D:5      | Entered Level 5 of the Dungeon
  6336 | D:5      | Reached skill level 8 in Spellcasting
  6521 | D:5      | Reached skill level 1 in Evocations
  6763 | D:5      | Reached skill level 9 in Spellcasting
  6763 | D:5      | Reached XP level 8. HP: 23/44 MP: 8/23
  7244 | D:5      | Found a staircase to the Ecumenical Temple.
  7267 | Temple   | Entered the Ecumenical Temple
  7292 | Temple   | Became a worshipper of Vehumet
  7575 | D:6      | Found Nodghaa's General Store.
  7607 | D:6      | Noticed Sigmund
  7960 | D:5      | Reached skill level 5 in Conjurations
  8095 | D:5      | Reached skill level 10 in Spellcasting
  8643 | D:6      | Reached XP level 9. HP: 48/48 MP: 11/25
  8814 | D:6      | Killed Sigmund
  9021 | D:6      | Reached skill level 11 in Spellcasting
  9274 | D:6      | Bought a potion of heal wounds for 55 gold pieces
  9274 | D:6      | Bought a scroll of identify for 22 gold pieces
  9621 | D:7      | Found Kudgh's Weapon Shoppe.
 10333 | D:7      | Reached * piety under Vehumet
 10333 | D:7      | Offered knowledge of Shock by Vehumet.
 10336 | D:7      | Learned a level 1 spell: Shock
 10341 | D:7      | Learned a level 1 spell: Apportation
 10925 | D:8      | Noticed Maurice
 10953 | D:8      | Killed Maurice
 10954 | D:8      | Reached skill level 12 in Spellcasting
 10954 | D:8      | Reached skill level 5 in Fire Magic
 11103 | D:8      | Found a staircase to the Lair.
 11263 | D:8      | Found Gozag's Platinum Reserve.
 11263 | D:8      | Found an opulent altar of Gozag.
 11265 | D:8      | Identified the +2 robe of Reason {Fly}
 11466 | D:8      | Reached XP level 10. HP: 56/56 MP: 22/28
 11646 | D:8      | Found a runed translucent gate.
 11646 | D:8      | Found a runed translucent gate.
 11647 | D:8      | Found a runed translucent gate.
 11655 | D:8      | Noticed a glowing orange brain
 11656 | D:8      | Noticed a white ugly thing
 11656 | D:8      | Noticed a brown ugly thing
 11739 | D:8      | Noticed a brown ugly thing
 11752 | D:8      | Killed a brown ugly thing
 12010 | D:8      | Identified a scroll of acquirement
 12011 | D:8      | Acquired 597 gold pieces
 12279 | D:9      | Noticed a two-headed ogre
 12302 | D:9      | Killed a two-headed ogre
 12303 | D:9      | Reached skill level 13 in Spellcasting
 12374 | D:9      | Noticed a two-headed ogre
 12389 | D:9      | Killed a two-headed ogre
 12659 | D:9      | Learned a level 7 spell: Orb of Destruction
 12785 | D:9      | Noticed a two-headed ogre
 12798 | D:9      | Killed a two-headed ogre
 12799 | D:9      | Reached skill level 14 in Spellcasting
 12878 | D:9      | You fall into a shaft and drop 1 floor!
 12878 | D:10     | Entered Level 10 of the Dungeon
 12964 | D:9      | Offered knowledge of Foxfire by Vehumet.
 12989 | D:9      | Noticed a gargoyle
 13031 | D:9      | Killed a gargoyle
 13031 | D:9      | Reached ** piety under Vehumet
 13759 | D:10     | Noticed Josephine
 13765 | D:10     | HP: 2/53 [Josephine/ghostly fireball (27)]
 13766 | D:10     | Killed from afar by Josephine

Illustrated notes

Levels and vault maps discovered:
D:1:      matt_arrival_debris, layout_basic, shapermc_ecumenical_altar_ellora,
          st_stairs_7
D:2:      layout_rooms, minmay_tripent
D:3:      layout_loops_cross, elyvilon_altar_4, grunt_temple_overflow_open,
          serial_shops, nicolae_shop_crystal, uniq_jessica, uniq_natasha
D:4:      layout_rooms, kiku_gazebo_pond_becter, kennysheep_path_1,
          uniq_duvessa, uniq_ijyb
D:5:      layout_loops_ring, minmay_temple_entry_offerings
D:6:      layout_rooms, serial_shops, nicolae_stop_n_shop_2, st_stairs_11,
          minmay_misc_feat_x, uniq_sigmund
D:7:      layout_loops_ring, serial_shops, nicolae_stop_n_shop_2
D:8:      layout_cave_pods, nicolae_gozag_zags_fifth_avenue, lair_entry_dummy,
          ploomutoo_gammafunk_ghost_potion_laboratory, st_stairs_9, uniq_maurice
D:9:      layout_loops_cross, kennysheep_generic_room_4
D:10:     layout_loops_ring, serial_shops, nicolae_shop_waterfront,
          hangedman_abyss_or_decor_stabs, uniq_josephine
Temple:   chequers_temple_sunken

Skill      XL: |  1  2  3  4  5  6  7  8  9 10 |
---------------+-------------------------------+-----
Spellcasting   | 5 6 7 9 10 12 14 | 14.3
Fighting       | 1 2 3 4 |  4.0
Armour         | 1 3 4 |  4.2
Conjurations   | 2 3 4 5 7 8 |  8.3
Fire Magic     | 1 3 5 7 |  7.1
Dodging        | 3 |  3.0
Air Magic      | 1 |  1.1
Stealth        | 3 |  3.0
Poison Magic   | 2 |  2.2
Evocations     | 1 |  1.3
Summonings     | |  1.1
Translocations | |  1.1

Action                   |  1- 3 |  4- 6 |  7- 9 | 10-12 || total
-------------------------+-------+-------+-------+-------++-------
Melee: Dagger            |    15 |     4 |       |       ||    19
       Club              |       |    52 |   122 |    21 ||   195
 Cast: Magic Dart        |   124 |   109 |   177 |     4 ||   414
       Call Imp          |       |     1 |     3 |     4 ||     8
       Mephitic Cloud    |       |    17 |    24 |     6 ||    47
       Conjure Flame     |       |     3 |    19 |    25 ||    47
       Blink             |       |     3 |     4 |     1 ||     8
       Shock             |       |       |    37 |   102 ||   139
Evoke: Wand              |       |       |     2 |     2 ||     4
  Use: Scroll            |       |       |     7 |     2 ||     9
       Potion            |       |       |     1 |       ||     1
 Stab: Confused          |       |     5 |     8 |     1 ||    14
       Distracted        |       |       |     1 |       ||     1
Armor: Leather armour    |     9 |    29 |    50 |     5 ||    93
Dodge: Dodged            |    20 |    68 |   162 |    24 ||   274

Table legend: (Time is in decaauts)
 A = Elapsed time spent in this place.
 B = Non-inter-level travel time spent in this place.
 C = Inter-level travel time spent in this place.
 D = Time resting spent in this place.
 E = Time spent auto-exploring this place.
 F = Levels seen in this place.
 G = Mean time per level.
                   A        B        C        D        E       F      G
               +--------+--------+--------+--------+--------+-----+--------+
         Total |  13858 |  13253 |    605 |   2093 |   8729 |  11 | 1259.8 |
       Dungeon |  13802 |  13210 |    592 |   2093 |   8712 |  10 | 1380.2 |
        Temple |     56 |     43 |     13 |      0 |     16 |   1 |   56.0 |
               +--------+--------+--------+--------+--------+-----+--------+

Top non-repeatable levels by time:
     D:3: 2099 daAuts
     D:5: 1988 daAuts
     D:1: 1816 daAuts
     D:6: 1419 daAuts
     D:8: 1356 daAuts
     D:9: 1339 daAuts
     D:7: 1324 daAuts
     D:2: 1157 daAuts
     D:4: 1128 daAuts
    D:10: 171 daAuts
  Temple: 56 daAuts
